 Dungeon Crawl Stone Soup version 0.31.0 (webtiles) character file.

Game seed: 13986700830326181353

318 ssalbiz the Cleaver (level 6, 45/51 HPs)
             Began as a Minotaur Berserker on Jan 20, 2024.
             Was a Priest of Trog.
             Quit the game on level 4 of the Dungeon.
             The game lasted 00:06:25 (2683 turns).

ssalbiz the Cleaver (Minotaur Berserker)            Turns: 2683, Time: 00:06:25

Health: 45/51      AC:  4    Str: 23    XL:     6   Next: 21%
Magic:  5/5        EV: 12    Int:  4    God:    Trog [***...]
Gold:   113        SH:  0    Dex: 10    Spells: 5/5 levels left

rFire   . . .        a - +0 hand axe
rCold   . . .        (no shield)
rNeg    . . .        i - +1 robe {Will+}
rPois   .            (helmet restricted)
rElec   .            (no cloak)
rCorr   .            q - +0 pair of gloves
SInv    .            (no boots)
Will    +....        (no amulet)
Stlth   +            (no ring)
HPRegen 0.28/turn    (no ring)
MPRegen 0.09/turn

%: no passive effects
@: no status effects
A: horns 2, retaliatory headbutt
a: Renounce Religion, Berserk, Trog's Hand


You were on level 4 of the Dungeon.
You worshipped Trog.
Trog was most pleased with you.
You visited 1 branch of the dungeon, and saw 4 of its levels.

You collected 113 gold pieces.

Inventory:

Hand Weapons
 a - a +0 hand axe (weapon)
Missiles
 b - 11 poisoned darts (quivered)
Armour
 i - a +1 robe of willpower (worn)
 q - a +0 pair of gloves (worn)
Jewellery
 n - an amulet of faith
Wands
 o - a wand of polymorph (14)
Scrolls
 c - 2 scrolls of fear {unknown}
 f - a scroll of enchant weapon {unknown}
 g - a scroll of vulnerability {unknown}
 j - 2 scrolls of identify {unknown}
 l - 2 scrolls of poison {unknown}
 r - a scroll of blinking {unknown}
 u - a scroll of teleportation {unknown}
Potions
 d - a potion of brilliance {unknown}
 e - a potion of degeneration {unknown}
 h - a potion of heal wounds {unknown}
 k - a potion of might {unknown}
 m - a potion of haste {unknown}
 p - 2 potions of curing {unknown}
 s - a potion of mutation {unknown}
 t - 2 potions of cancellation {unknown}


   Skills:
 - Level 3.6 Fighting
 + Level 8.5 Axes
 - Level 2.4 Armour
 - Level 2.1 Dodging


You had 5 spell levels left.
You didn't know any spells.
Your spell library was empty.

Dungeon Overview and Level Annotations

Branches:
Dungeon (4/15)
 Temple: D:4-7

Altars:
Zin


Innate Abilities, Weirdness & Mutations

You have a pair of horns on your head.
You reflexively headbutt those who attack you in melee.


Message History

There is an open door here.
You hit the ball python but do no damage.
Your headbutt misses the ball python. The ball python misses you.
You furiously retaliate!
You headbutt the ball python!
You kill the ball python!
Trog accepts your kill.
No target in view!
No target in view!
You open the door.
There is an open door here.
You open the door.
There is an open door here.
You open the door.
A kobold comes into view. It is wielding a +0 dagger.
The kobold shouts!
A kobold is nearby!
A kobold is nearby!
There is an open door here.
Found a ring mail.
A kobold comes into view.
It is wielding a +0 dagger and quivering poisoned darts.
The kobold hits you but does no damage.
You closely miss the kobold.
The kobold shouts!
Your headbutt misses the kobold. The kobold completely misses you.
You barely miss the kobold. The kobold hits you with a +0 dagger.
You closely miss the kobold. The kobold misses you.
You barely miss the kobold. You closely miss the kobold.
The kobold closely misses you. The kobold hits you but does no damage.
You closely miss the kobold. You hit the kobold.
The kobold hits you with a +0 dagger. x2
You hit the kobold.
You kill the kobold!
Trog accepts your kill.
You completely miss the kobold. The kobold barely misses you.
You furiously retaliate!
You headbutt the kobold!
You kill the kobold!
Trog accepts your kill.
Unknown command.
Unknown command.
Are you sure you want to abandon this character and quit the game? (Confirm with "yes".)

...............#########
#. ...............+ +.
####...........# #.
#...........#
######......###
#...###+##...#
#........#...#
.[....)..#...#
......)@.'...#
#...####.#...# # #.#####
... ..... .......
......##+ .......#


There were no monsters in sight!

Vanquished Creatures
  Jessica (D:2)
  Natasha (thrice) (D:2)
  3 orc wizards (D:3)
  4 adders
  2 ribbon worms (D:3)
  14 orcs (D:3)
  8 endoplasms
  A giant cockroach (D:3)
  7 goblins
  7 hobgoblins
  7 jackals (D:2)
  10 kobolds
  3 quokkas
  4 ball pythons
  5 bats
  8 frilled lizards
  3 rats
90 creatures vanquished.

Notes
Turn   | Place    | Note
-------+----------+-------------------------------------------
     0 | D:1      | ssalbiz the Minotaur Berserker began the quest for the Orb.
     0 | D:1      | Reached XP level 1. HP: 19/19 MP: 0/0
   108 | D:1      | Reached skill level 4 in Axes
   181 | D:1      | Reached XP level 2. HP: 21/26 MP: 1/1
   493 | D:1      | Reached ** piety under Trog
   499 | D:1      | Reached skill level 5 in Axes
   668 | D:1      | Reached XP level 3. HP: 31/31 MP: 2/2
   799 | D:2      | Noticed Jessica
   807 | D:2      | Killed Jessica
  1112 | D:2      | Reached skill level 6 in Axes
  1112 | D:2      | Reached XP level 4. HP: 39/39 MP: 3/3
  1185 | D:2      | Found a glowing silver altar of Zin.
  1393 | D:2      | Noticed Natasha
  1397 | D:2      | Killed Natasha
  1618 | D:2      | Noticed Natasha
  1622 | D:2      | Killed Natasha
  1623 | D:2      | Reached skill level 7 in Axes
  1623 | D:2      | Reached XP level 5. HP: 45/45 MP: 4/4
  1766 | D:2      | Noticed Natasha
  1775 | D:2      | Killed Natasha
  1947 | D:3      | Reached skill level 8 in Axes
  2015 | D:3      | Reached *** piety under Trog
  2017 | D:3      | Reached XP level 6. HP: 35/51 MP: 5/5
  2683 | D:4      | Quit the game

Illustrated notes

Levels and vault maps discovered:
D:1:      dpeg_arrival_prison, layout_basic
D:2:      layout_basic, basic_altar, chequers_serial_rivers_marsh,
          minmay_misc_feat_enclosed, grunt_decor_resistance,
          columned_hall_lemuel, nrook_mini_backslash, uniq_jessica, uniq_natasha
D:3:      layout_rooms
D:4:      layout_gridville, mainiacjoe_overflow_24_doors, marbit_many_paths,
          minmay_temple_entry_poolview, serial_shops, nicolae_take_the_stairs,
          feat_on_display, uniq_blork_the_orc, uniq_robin, uniq_edmund

Skill      XL: |  1  2  3  4  5 |
---------------+----------------+-----
Axes           | 4 5 6 7 8 |  8.5
Fighting       | |  3.6
Armour         | |  2.4
Dodging        | |  2.1

Action                     |  1- 3 |  4- 6 || total
---------------------------+-------+-------++-------
  Melee: Hand axe          |    77 |   125 ||   202
         Headbutt          |     6 |    23 ||    29
         Punch             |       |     2 ||     2
  Throw: Dart              |     3 |     5 ||     8
 Invoke: Berserk           |     2 |       ||     2
         Trog's Hand       |       |     1 ||     1
   Stab: Sleeping          |       |     1 ||     1
 Armour: Animal skin       |    37 |       ||    37
         Robe              |     7 |    68 ||    75
  Dodge: Dodged            |    46 |    52 ||    98
